 Dungeon Crawl Stone Soup version 0.29.1-13-g9f3cf754e1 (webtiles) character file.

Game seed: 15276730592082891408

14977 MacCMillion the Cleaver (level 12, -22/94 HPs)
             Began as a Formicid Fighter on Jan 19, 2023.
             Was a Priest of Qazlal.
             Annihilated by a very large slime creature (30 damage)
             ... on level 12 of the Dungeon.
             The game lasted 00:37:46 (16623 turns).

MacCMillion the Cleaver (Formicid Fighter)         Turns: 16623, Time: 00:37:47

Health: -22/94     AC: 18    Str: 30    XL:     12   Next: 51%
Magic:  5/5        EV: 10    Int:  8    God:    Qazlal [***...]
Gold:   915        SH:  9    Dex: 13    Spells: 11/11 levels left

rFire   x . .      SeeInvis +   R - +4 hand axe of Glory {antimagic, rF- rCorr Str+4 SInv}
rCold   . . .      Faith    .   c - +0 buckler
rNeg    . . .      Spirit   .   Z - +4 ring mail "Fuammoz" {Rampage rCorr SInv}
rPois   +          Reflect  .   (helmet unavailable)
rElec   .          Harm     .   (no cloak)
rCorr   +          Rampage  +   N - +0 pair of gloves
Will    +....                   O - +0 pair of boots
Stlth   +.........              K - amulet of the acrobat
HPRegen 0.25/turn               i - ring of poison resistance
MPRegen 0.09/turn               D - +4 ring of protection

@: no status effects
A: permanent stasis, dig shafts and tunnels, antennae 3, four strong arms
a: Dig, Shaft Self, Renounce Religion, Upheaval, Elemental Force


You were on level 12 of the Dungeon.
You worshipped Qazlal.
Qazlal was most pleased with you.
You visited 2 branches of the dungeon, and saw 13 of its levels.
You also visited: Ossuary.

You collected 915 gold pieces.

Inventory:

Hand Weapons
 a - a +0 war axe
 b - a +0 battleaxe
 R - the +4 hand axe of Glory (weapon) {antimagic, rF- rCorr Str+4 SInv}
   (You found it on level 9 of the Dungeon)

   It reduces the magical energy of the wielder, and disrupts the spells and
   magical abilities of those it strikes.
   Natural abilities and divine invocations are not affected.
   Str:       It affects your strength (+4).
   rF:        It makes you vulnerable to fire.
   SInv:      It lets you see invisible.
   rCorr:     It protects you from acid and corrosion.
Missiles
 o - 42 poisoned darts
 C - 4 boomerangs
 Q - 5 javelins
 T - 2 throwing nets
 U - 3 boomerangs of dispersal
 Y - 2 curare-tipped darts
Armour
 c - a +0 buckler (worn)
 r - a +0 plate armour
 N - a +0 pair of gloves (worn)
 O - a +0 pair of boots (worn)
 Z - the +4 ring mail "Fuammoz" (worn) {Rampage rCorr SInv}
   (You found it on level 11 of the Dungeon)

   SInv:      It lets you see invisible.
   rCorr:     It protects you from acid and corrosion.
   Rampage:   It bestows one free step when moving towards enemies.
Jewellery
 i - a ring of poison resistance (left hand)
 k - a ring of magical power
 q - a ring of fire
 D - a +4 ring of protection (right hand)
 G - a ring of flight
 K - an amulet of the acrobat (around neck)
 W - a +4 ring of protection
Wands
 u - a wand of digging (9)
 L - a wand of flame (22)
 M - a wand of iceblast (4)
 P - a wand of paralysis (7)
Scrolls
 g - 4 scrolls of vulnerability
 h - 3 scrolls of enchant weapon
 j - 2 scrolls of butterflies
 m - 2 scrolls of amnesia
 n - 2 scrolls of immolation
 p - a scroll of noise
 w - a scroll of silence
 y - a scroll of fear
 E - 3 scrolls of poison
 F - a scroll of enchant armour
 H - a scroll of magic mapping
 S - a scroll of torment {unknown}
 V - a scroll of summoning {unknown}
 X - a scroll of identify
Potions
 d - a potion of might
 e - a potion of invisibility
 f - 4 potions of brilliance
 l - 5 potions of haste
 s - 3 potions of degeneration
 t - 2 potions of magic {unknown}
 v - 5 potions of heal wounds
 x - 5 potions of curing
 z - a potion of flight {unknown}
 A - 3 potions of cancellation
 B - 7 potions of mutation
 I - 4 potions of lignification {unknown}
 J - a potion of berserk rage {unknown}


   Skills:
 + Level 8.4 Fighting
 * Level 14.9 Axes
 + Level 10.4 Armour
 - Level 5.0 Shields
 + Level 5.9 Invocations


You had 11 spell levels left.
You didn't know any spells.
Your spell library contained the following spells:

 Spells                   Type           Power      Damage    Failure   Level
 Freeze                   Ice            0%         1d3       56%         1
 Magic Dart               Conj           0%         1d3       56%         1
 Call Imp                 Summ           0%         N/A       71%         2
 Searing Ray              Conj           0%         2d4       71%         2
 Call Canine Familiar     Summ           0%         N/A       91%         3
 Frozen Ramparts          Ice            0%         1d1       91%         3
 Mephitic Cloud           Conj/Pois/Air  0%         N/A       91%         3
 Portal Projectile        Hex/Tloc       0%         N/A       91%         3
 Anguish                  Hex/Necr       0%         N/A       100%        4
 Fulminant Prism          Conj/Hex       0%         3d6       100%        4
 Hailstorm                Conj/Ice       0%         3d3       100%        4
 Ice Form                 Ice/Tmut       0%         N/A       100%        4
 Leda's Liquefaction      Hex/Erth       0%         N/A       100%        4
 Petrify                  Tmut/Erth      0%         N/A       100%        4
 Metabolic Englaciation   Hex/Ice        0%         N/A       100%        5
 Simulacrum               Ice/Necr       0%         N/A       100%        6
 Statue Form              Tmut/Erth      0%         N/A       100%        6
 Enfeeble                 Hex            0%         N/A       100%        7


Dungeon Overview and Level Annotations

Branches:
Dungeon (12/15)            Temple (1/1) D:7            Lair (0/5) D:9
    Orc (0/2) D:9         Ossuary (visited)

Altars:
Ashenzari
Cheibriados
Dithmenos
Elyvilon
Fedhas
Gozag
Hepliaklqana
Kikubaaqudgha
Makhleb
Qazlal
Ru
Sif Muna
Trog
Uskayaw
Vehumet
Xom
Zin
The Shining One

Shops:
D:4 (   D:9 :

Annotations:
D:2 1 runed translucent door, Crazy Yiuf
D:7 exclusion: oklob plant


Innate Abilities, Weirdness & Mutations

You cannot be hasted, slowed, berserked, paralysed or teleported.
You can dig through walls and to a lower floor.
You have a pair of large antennae on your head. (SInv)
Your four strong arms can wield two-handed weapons with a shield.


Message History

The titanic slime creature barely misses you.
The titanic slime creature is struck by lightning.
The titanic slime creature attacks as you move away!
The titanic slime creature misses you.
The titanic slime creature attacks as you move away!
The titanic slime creature completely misses you.
You block the titanic slime creature's attack.
Okay, then.
Okay, then.
The titanic slime creature attacks as you move away!
You block the titanic slime creature's attack.
The titanic slime creature jiggles.
You hit the titanic slime creature.
The titanic slime creature is heavily wounded.
You slash the titanic slime creature!
The titanic slime creature is heavily wounded.
You completely miss the orc warrior. You slash the titanic slime creature!
The titanic slime creature is heavily wounded.
You hit the orc warrior.
A titanic slime creature splits.
The orc warrior is struck by lightning.
The orc warrior barely misses you.
You slice the very large slime creature!!
The very large slime creature is severely wounded.
You barely miss the large slime creature.
You hit the orc warrior.
The very large slime creature closely misses you.
You block the orc warrior's attack.
Unknown command.
You hit the very large slime creature.
The very large slime creature is severely wounded.
You hit the large slime creature. You hit the orc warrior.
The large slime creature is engulfed in blazing flames.
The large slime creature hits you!
* * * LOW HITPOINT WARNING * * *
Unknown command.
You hit the very large slime creature but do no damage.
The very large slime creature is severely wounded.
You hit the large slime creature. You hit the orc warrior.
The very large slime creature hits you!!
You die...

##........#
##.........#
##..........#
##...........#
###............#
#..............#
##.............#
##....JJ......#
#....J@......#
##...o......##
##.........#
#######..## #.##
##.# ##..###
#.....# #.....#


You could see a very large slime creature, a large slime creature, a slime
creature and an orc warrior.

Vanquished Creatures
  Gastronok (D:12)
  Harold (D:9)
  A boulder beetle (D:11)
  A two-headed ogre (D:10)
  Erica (D:8)
  Pikel (D:6)
  2 cyclopes
  3 kobold demonologists
  2 trolls (D:9)
  A hornet (D:9)
  A shadow (D:12)
  3 wraiths
  Sigmund (D:6)
  20 yaks
  A vampire (D:12)
  A wyvern (D:9)
  A steam dragon (D:10)
  2 acid dragons
  A water moccasin (D:7)
  Duvessa (D:7)
  2 sky beasts
  8 orc warriors
  4 centaurs
  An ogre (D:5)
  2 lemures
  2 phantoms (D:6)
  7 kobold brigands
  A necrophage (D:6)
  6 bullfrogs
  7 scorpions
  5 wights (D:9)
  Dowan (D:7)
  5 howler monkeys
  5 hounds
  9 orc priests
  8 jellies
  3 iguanas
  A gnoll bouda (D:7)
  2 orc wizards
  8 mummies (Ossuary)
  8 adders
  5 gnolls
  4 white imps
  2 ufetubi
  3 worms
  2 dart slugs (D:4)
  44 orcs
  8 ball pythons
  17 endoplasms
  4 giant cockroaches
  8 goblins
  6 hobgoblins
  3 jackals (D:5)
  33 kobolds
  3 quokkas (D:1)
  5 bats
  9 frilled lizards
  3 gnoll zombies (Ossuary)
  2 hobgoblin zombies (Ossuary)
  2 kobold zombies (Ossuary)
  An orc zombie (Ossuary)
  3 rats (D:1)
308 creatures vanquished.

Vanquished Creatures (others)
  7 fungi (D:7)
7 creatures vanquished.

Grand Total: 315 creatures vanquished

Notes
Turn   | Place    | Note
-------+----------+-------------------------------------------
     0 | D:1      | MacCMillion the Formicid Fighter began the quest for the
                  | Orb.
     0 | D:1      | Reached XP level 1. HP: 18/18 MP: 1/1
     2 | D:1      | Noticed a palentonga
     2 | D:1      | Noticed a felid
     4 | D:1      | Noticed a demigod
     6 | D:1      | Noticed an ogre
     6 | D:1      | Noticed a gargoyle
     8 | D:1      | Noticed a merfolk
    10 | D:1      | Noticed a troll
    10 | D:1      | Noticed a tengu
    13 | D:1      | Noticed a demonspawn
    13 | D:1      | Noticed an elf
    15 | D:1      | Noticed a naga
    17 | D:1      | Noticed a ghoul
    17 | D:1      | Noticed a human
    19 | D:1      | Noticed a draconian
    19 | D:1      | Noticed a minotaur
    21 | D:1      | Noticed a vampire
    21 | D:1      | Noticed a meteoran
    23 | D:1      | Noticed an octopode
    23 | D:1      | Noticed a formicid
    25 | D:1      | Noticed a spriggan
    27 | D:1      | Noticed a demonspawn
    27 | D:1      | Noticed a tengu
   135 | D:1      | Reached XP level 2. HP: 21/24 MP: 2/2
   571 | D:1      | Reached XP level 3. HP: 29/29 MP: 3/3
   583 | D:1      | Reached skill level 3 in Axes
   690 | D:1      | Found a faded altar of an unknown god.
  1158 | D:2      | Reached XP level 4. HP: 31/35 MP: 4/4
  1239 | D:2      | Found a runed translucent door.
  1240 | D:2      | Noticed Crazy Yiuf
  1835 | D:2      | Reached skill level 5 in Shields
  1957 | D:3      | Reached XP level 5. HP: 42/42 MP: 5/5
  2553 | D:4      | Reached skill level 4 in Axes
  3097 | D:4      | Reached XP level 6. HP: 35/48 MP: 6/6
  3396 | D:4      | Reached skill level 5 in Axes
  3567 | D:4      | Found Oforghuk's Weapon Boutique.
  3965 | D:5      | Entered Level 5 of the Dungeon
  4006 | D:5      | Reached XP level 7. HP: 46/55 MP: 7/7
  4277 | D:5      | Reached skill level 5 in Fighting
  4560 | D:5      | Found a hide-covered altar of Uskayaw.
  4561 | D:5      | Found a burning altar of Makhleb.
  4569 | D:5      | Reached skill level 6 in Axes
  4654 | D:5      | Reached skill level 5 in Armour
  4873 | D:5      | Reached XP level 8. HP: 55/62 MP: 8/8
  5251 | D:6      | Noticed Pikel
  5348 | D:6      | Reached skill level 7 in Axes
  5727 | D:6      | Noticed Sigmund
  5733 | D:6      | Killed Sigmund
  5734 | D:6      | Reached skill level 8 in Axes
  5906 | D:6      | Reached XP level 9. HP: 64/68 MP: 9/9
  6042 | D:6      | Killed Pikel
  6043 | D:6      | Reached skill level 9 in Axes
  6773 | D:7      | Noticed Duvessa
  6773 | D:7      | Noticed Dowan
  6928 | D:7      | Found a staircase to the Ecumenical Temple.
  6935 | Temple   | Entered the Ecumenical Temple
  7003 | Temple   | Became a worshipper of Qazlal Stormbringer
  7093 | D:7      | Killed Duvessa
  7112 | D:7      | Reached skill level 10 in Axes
  7135 | D:7      | Found a sand-covered staircase.
  7139 | Ossuary  | Entered an ossuary
  7778 | D:7      | Killed Dowan
  7996 | D:7      | Reached * piety under Qazlal
  8036 | D:7      | Reached XP level 10. HP: 66/74 MP: 10/10
  8309 | D:7      | Found a bloodstained altar of Trog.
  8310 | D:7      | Found an opulent altar of Gozag.
  8489 | D:7      | Noticed an oklob plant
  9098 | D:7      | Found a bloodstained altar of Trog.
  9099 | D:7      | Found an opulent altar of Gozag.
  9202 | D:7      | Found a staircase to the Ecumenical Temple.
  9774 | D:8      | Reached skill level 11 in Axes
  9967 | D:8      | Noticed Erica
  9974 | D:8      | Killed Erica
 10705 | D:8      | Found a shimmering altar of Xom.
 11039 | D:9      | Identified the +4 hand axe of Glory {antimagic, rF- rCorr
                  | Str+4 SInv}
 11380 | D:9      | Found Reomoim's Book Emporium.
 11447 | D:9      | Found a staircase to the Lair.
 11516 | D:9      | Reached skill level 12 in Axes
 11565 | D:9      | Reached XP level 11. HP: 84/84 MP: 3/11
 11573 | D:9      | Reached ** piety under Qazlal
 11629 | D:9      | Noticed Harold
 11642 | D:9      | Killed Harold
 11770 | D:9      | Found a shimmering blue altar of Sif Muna.
 12629 | D:9      | Reached skill level 10 in Armour
 13130 | D:9      | Reached skill level 13 in Axes
 13133 | D:9      | Found a staircase to the Orcish Mines.
 13550 | D:10     | Entered Level 10 of the Dungeon
 13667 | D:10     | Reached *** piety under Qazlal
 13780 | D:10     | Noticed a two-headed ogre
 14048 | D:10     | Reached skill level 1 in Invocations
 14067 | D:10     | You fall into a shaft and drop 2 floors!
 14119 | D:12     | Noticed Gastronok
 14162 | D:11     | Noticed a cyclops
 14207 | D:11     | Killed a cyclops
 14264 | D:11     | Reached XP level 12. HP: 90/94 MP: 4/14
 14296 | D:10     | Killed a two-headed ogre
 14297 | D:10     | Reached skill level 14 in Axes
 14620 | D:11     | Noticed a boulder beetle
 14838 | D:11     | Killed a boulder beetle
 15381 | D:11     | Identified the +4 ring mail "Fuammoz" {Rampage rCorr SInv}
 15533 | D:11     | Found a shimmering blue altar of Sif Muna.
 15875 | D:12     | Noticed a five-headed hydra
 15920 | D:12     | Killed Gastronok
 15921 | D:12     | Reached skill level 5 in Invocations
 16623 | D:12     | Annihilated by a very large slime creature

Illustrated notes

Levels and vault maps discovered:
D:1:      kb_arrival_jail, layout_loops_ring, hellmonk_ecumenical_altar_run_dry
D:2:      layout_rooms, hangedman_decor_growths, uniq_crazy_yiuf_cottage
D:3:      layout_basic
D:4:      layout_cave_pods, serial_shops, nicolae_shop_statue_plus,
          kennysheep_generic_room_2
D:5:      layout_cave_pods, gammafunk_temple_overflow_statue
D:6:      layout_cave_pools, uniq_pikel, uniq_sigmund
D:7:      lemuel_slime, layout_basic, nicolae_overflow_hidden_temple,
          minmay_temple_entry_tees, lightli_ossuary_entry_decrepit_ruins,
          uniq_duvessa
D:8:      layout_basic, mainiacjoe_overflow_cross_hatched, uniq_erica
D:9:      layout_basic, mainiacjoe_overflow_brackets, lair_entry_dummy,
          david_orc_5, serial_shops, shop_fountains, uniq_harold
D:10:     layout_cave_pools
D:11:     layout_irregular_city, nicolae_sif_muna_condensation
D:12:     layout_cave_pods, uniq_gastronok
Temple:   eino_temple_rhombus

Skill      XL: |  1  2  3  4  5  6  7  8  9 10 11 12 |
---------------+-------------------------------------+-----
Axes           | 3 4 5 6 8 10 12 13 14 | 14.9
Shields        | 5 |  5.0
Fighting       | 4 5 7 8 |  8.4
Armour         | 4 5 6 8 9 10 | 10.4
Invocations    | 3 5 |  5.9

Action                   |  1- 3 |  4- 6 |  7- 9 | 10-12 || total
-------------------------+-------+-------+-------+-------++-------
Melee: War axe           |    88 |   196 |   355 |   119 ||   758
       Hand axe          |       |       |       |   647 ||   647
Throw: Dart              |       |       |     6 |     5 ||    11
       Boomerang         |       |       |     2 |       ||     2
Invok: Upheaval          |       |       |       |     2 ||     2
 Abil: Shaft Self        |       |       |       |     1 ||     1
  Use: Scroll            |       |     3 |    15 |     4 ||    22
       Potion            |       |       |     2 |     2 ||     4
Armor: Scale mail        |    40 |       |       |       ||    40
       Plate armour      |       |   127 |   211 |   204 ||   542
       Ring mail         |       |       |       |    10 ||    10
Dodge: Dodged            |    39 |    48 |    83 |   158 ||   328
Block: Buckler           |    21 |    50 |    78 |   173 ||   322
